 Dungeon Crawl Stone Soup version 0.29-a0-322-g68df515428 (webtiles) character file.

Game seed: 17099866468334424956

11 thelordofdog the Insei (level 2, 0/23 HPs)
             Began as a Gnoll Transmuter on Apr 8, 2022.
             Slain by a gnoll
             ... wielding a +4 vorpal spear
              (9 damage)
             ... on level 2 of the Dungeon.
             The game lasted 00:06:35 (1136 turns).

thelordofdog the Insei (Gnoll Transmuter)           Turns: 1136, Time: 00:06:36

Health: 0/23       AC:  2    Str:  9    XL:     2   Next: 25%
Magic:  7/7        EV: 13    Int: 12    God:
Gold:   40         SH:  0    Dex: 12    Spells: 9/10 levels left

rFire   . . .      SeeInvis .     - Unarmed
rCold   . . .      Faith    .   (no shield)
rNeg    . . .      Spirit   .   a - +0 robe
rPois   .          Reflect  .   (no helmet)
rElec   .          Harm     .   (no cloak)
rCorr   .          Rampage  .   (no gloves)
Will    .....                   (no boots)
Stlth   +.........              (no amulet)
HPRegen 0.07/turn               (no ring)
MPRegen 0.10/turn               (no ring)

@: no status effects
A: fangs 1, strong nose, distributed training
a: no special abilities


You were on level 2 of the Dungeon.
You visited 1 branch of the dungeon, and saw 2 of its levels.

You collected 40 gold pieces.

Inventory:

Hand Weapons
 d - a +0 spear of venom
 g - a +0 mace
 h - a +0 club
Armour
 a - a +0 robe (worn)
 j - a +0 leather armour
 k - a +0 helmet
Jewellery
 f - an amulet of guardian spirit
Scrolls
 c - a scroll of immolation {unknown}
 n - 2 scrolls of torment {unknown}
Potions
 b - 2 potions of lignification
 e - a potion of brilliance {unknown}
 i - a potion of flight {unknown}
 l - 3 potions of degeneration {unknown}
 m - a potion of curing {unknown}


   Skills:
 + Level 2.4 Fighting
 + Level 0.3 Short Blades
 + Level 0.3 Long Blades
 + Level 0.3 Axes
 + Level 0.3 Maces & Flails
 + Level 0.3 Polearms
 + Level 0.3 Staves
 + Level 0.3 Slings
 + Level 0.3 Bows
 + Level 0.3 Crossbows
 + Level 0.3 Throwing
 + Level 0.3 Armour
 + Level 4.4 Dodging
 + Level 0.3 Stealth
 + Level 0.3 Shields
 + Level 6.4 Unarmed Combat
 + Level 4.9 Spellcasting
 + Level 0.2 Conjurations
 + Level 0.2 Hexes
 + Level 0.2 Summonings
 + Level 0.2 Necromancy
 + Level 0.2 Translocations
 + Level 3.7 Transmutations
 + Level 0.2 Fire Magic
 + Level 0.2 Ice Magic
 + Level 0.2 Air Magic
 + Level 0.2 Earth Magic
 + Level 0.2 Poison Magic
 + Level 0.4 Invocations
 + Level 0.3 Evocations


You had 9 spell levels left.
You knew the following spells:

 Your Spells              Type           Power      Damage    Failure   Level
a - Beastly Appendage     Tmut           22%        N/A       4%          1

Your spell library contained the following spells:

 Spells                   Type           Power      Damage    Failure   Level
 Wereblood                Tmut           11%        N/A       7%          2
 Spider Form              Tmut/Pois      7%         N/A       26%         3
 Ice Form                 Ice/Tmut       7%         N/A       65%         4


Dungeon Overview and Level Annotations

Branches:
Dungeon (2/15)

Altars:


Innate Abilities, Weirdness & Mutations

You have very sharp teeth.
Your uncanny sense of smell can sniff out nearby items.
Your experience applies equally to all skills.


Message History

You miscast Beastly Appendage.
You are very lightly contaminated with residual magic.
Nothing appears to happen.
Your magical contamination has completely faded away.
Magic restored.
You open the door.
m - a dark potion
n - 2 scrolls labelled VEV YZ DUNNY
l - 3 ruby potions (gained 2)
A rat and a hobgoblin come into view.
A gnoll comes into view. It is wielding a +0 spear.
The gnoll shouts!
You hear a shout! x2
A gnoll comes into view. It is wielding a +0 club.
There is an open door here.
The gnoll shouts!
You hear a shout!
The rat misses you.
A gnoll comes into view. It is wielding a +4 vorpal spear.
The hobgoblin closely misses you. The rat closely misses you.
The gnoll hits you from afar with a +0 spear.
The hobgoblin misses you. The rat bites you. The gnoll completely misses you.
The hobgoblin attacks as you move away! The hobgoblin closely misses you.
The rat attacks as you move away! The rat bites you.
A gnoll comes into view. It is wielding a +0 halberd.
The gnoll shouts!
You punch the hobgoblin!
You kill the hobgoblin!
The rat bites you.
A frilled lizard comes into view.
An orc comes into view. It is wielding a +0 falchion.
The orc shouts!
The frilled lizard hisses angrily.
The gnoll hits you with a +4 vorpal spear.
The gnoll misses you. The gnoll closely misses you.
You hear an angry hiss.
An orc wizard and a ball python come into view.
Found a stone staircase leading down.
The orc wizard shouts!
The gnoll hits you with a +4 vorpal spear!
You die...

#................###
#................##.
################.....##.
#.........######........
..........'.............
....g.....###...#+##....
.........g###...# #....
>...l..gg.'.'...+ +....
..o....@r.###...# #....
o.........# #.... #....
.S######### #..... #....
#......#.... ##### . . .


You could see an orc wizard, 4 gnolls, an orc, a ball python, a frilled lizard
and a rat.

Vanquished Creatures
  A dart slug (D:2)
  2 endoplasms
  A giant cockroach (D:1)
  A goblin (D:2)
  A hobgoblin (D:2)
  2 frilled lizards
8 creatures vanquished.

Notes
Turn   | Place    | Note
-------+----------+-------------------------------------------
     0 | D:1      | thelordofdog the Gnoll Transmuter began the quest for the
                  | Orb.
     0 | D:1      | Reached XP level 1. HP: 17/17 MP: 6/6
   451 | D:1      | You fall into a shaft and drop 1 floor!
   543 | D:2      | Reached XP level 2. HP: 13/23 MP: 7/7
  1136 | D:2      | Slain by a gnoll

Illustrated notes

Levels and vault maps discovered:
D:1:      psy_arrival_dodecagon, layout_loops_cross,
          chequers_ecumenical_altar_lobes, hangedman_feature_mirror
D:2:      minmay_inner_zag, layout_basic

Action                   || total
-------------------------++-------
Melee: Unarmed           ||    25
Armor: Robe              ||     6
Dodge: Dodged            ||    35

Table legend: (Time is in decaauts)
 A = Elapsed time spent in this place.
 B = Non-inter-level travel time spent in this place.
 C = Inter-level travel time spent in this place.
 D = Time resting spent in this place.
 E = Time spent auto-exploring this place.
 F = Levels seen in this place.
 G = Mean time per level.
                   A        B        C        D        E       F      G
               +--------+--------+--------+--------+--------+-----+--------+
         Total |   1132 |   1078 |     54 |      0 |    115 |   2 |  566.0 |
       Dungeon |   1132 |   1078 |     54 |      0 |    115 |   2 |  566.0 |
               +--------+--------+--------+--------+--------+-----+--------+

Top non-repeatable levels by time:
     D:2: 682 daAuts
     D:1: 450 daAuts
